 Dungeon Crawl Stone Soup version 0.25.0-37-gb73750e0fb (webtiles) character file.

Game seed: 15766562626948433527

2168 Delamore the Fighter (level 9, -3/62 HPs)
             Began as a Gargoyle Fighter on July 9, 2020.
             Killed by divine providence
             ... invoked by an orc priest
              (14 damage)
             ... on level 7 of the Dungeon.
             The game lasted 00:06:25 (6051 turns).

Delamore the Fighter (Gargoyle Fighter)             Turns: 6051, Time: 00:06:25

Health: -3/62      AC: 15    Str: 23    XL:     9   Next: 32%
Magic:  9/9        EV:  8    Int:  9    God:
Gold:   351        SH:  4    Dex:  9    Spells: 8/8 levels left

rFire    . . .     SeeInvis .   x - +0 flail (protect)
rCold    . . .     Gourm    .   j - +0 buckler
rNeg     + . .     Faith    .   q - +0 chain mail (curse)
rPois    ∞         Spirit   .   (no helmet)
rElec    +         Reflect  .   (no cloak)
rCorr    +         Harm     .   (no gloves)
MR       .....                  (no boots)
Stlth    ..........             (no amulet)
HPRegen  0.20/turn              H - ring of flight
MPRegen  0.11/turn              h - ring of resist corrosion

@: no status effects
A: negative energy resistance 1, electricity resistance, unbreathing,
petrification resistance, rot immunity, AC +6
a: Evoke Flight


You were on level 7 of the Dungeon.
You were very hungry.

You visited 1 branch of the dungeon, and saw 7 of its levels.

You collected 351 gold pieces.

Inventory:

Hand Weapons
 a - a +0 flail
 x - a +0 flail of protection (weapon)
Missiles
 i - 52 poisoned darts
 y - 6 javelins (quivered)
Armour
 b - a +0 scale mail
 c - a +0 kite shield
 j - a +0 buckler (worn)
 q - a cursed +0 chain mail (worn)
Jewellery
 h - a ring of resist corrosion (right hand)
 v - an uncursed ring of magical power
 H - a ring of flight (left hand)
Wands
 r - a wand of flame (10)
 C - a wand of polymorph (11)
 G - a wand of clouds (3)
Scrolls
 k - 2 scrolls of noise {unknown}
 l - 7 scrolls of identify {unknown}
 m - 3 scrolls of enchant weapon {unknown}
 n - 3 scrolls of teleportation {unknown}
 o - 3 scrolls of magic mapping {unknown}
 s - a scroll of immolation {unknown}
 t - 7 scrolls of remove curse {unknown}
 u - a scroll of enchant armour {unknown}
 z - 3 scrolls of fear {unknown}
 D - a scroll of fog {unknown}
Potions
 d - a potion of might
 e - 4 potions of heal wounds
 g - a potion of magic {unknown}
 p - a potion of lignification {unknown}
 w - a potion of haste
 A - a potion of flight {unknown}
 B - 5 potions of curing {unknown}
 E - 2 potions of stabbing {unknown}
 I - a potion of berserk rage {unknown}
Comestibles
 f - 15 rations


   Skills:
 + Level 9.8 Fighting
 + Level 8.7 Maces & Flails
 - Level 3.2 Armour
 - Level 4.0 Shields


You had 8 spell levels left.
You didn't know any spells.
Your spell library contained the following spells:

 Spells                   Type           Power        Failure   Level  Hunger
 Ignite Poison            Fire/Tmut/Pois #.......     100%        3    ####...
 Fireball                 Conj/Fire      #.........   100%        5    ######.
 Starburst                Conj/Fire      #.........   100%        6    #######
 Ring of Flames           Chrm/Fire      #.........   100%        7    #######
 Ignition                 Fire           #.........   100%        8    #######


Dungeon Overview and Level Annotations

Branches:
Dungeon (7/15)
 Temple: D:4-7

Altars:
Fedhas
Sif Muna
Uskayaw
Zin

Shops:
D:6 *

Annotations:
D:3 3 runed translucent doors, sinusoid's ghost, amateur MiFi


Innate Abilities, Weirdness & Mutations

You are resistant to torment.
Your stone body is resilient. (AC +6)
You are immune to poison.
You resist negative energy. (rN+)
You are resistant to electric shocks. (rElec)
You can survive without breathing.
You are immune to petrification.
You are immune to rotting.


Message History

Aim: an orc, wielding a +0 dagger and wearing a +0 leather armour (lightly wounded)
You throw a javelin. The javelin closely misses the orc.
The javelin pierces through the orc priest.
The orc priest is heavily wounded.
The javelin barely misses the orc.
The orc hits you but does no damage.
The orc priest hits you from afar with a +0 trident.
* * * LOW HITPOINT WARNING * * *
A yak comes into view.
The orc hits you but does no damage.
Throwing (i - inventory. (/) - cycle)
y - 7 javelins (quivered)
Press: ? - help, Shift-Dir - straight line, f/p - orc
Aim: an orc, wielding a +0 dagger and wearing a +0 leather armour (lightly wounded)
You throw a javelin. The javelin pierces through the orc!
You kill the orc!
The javelin barely misses the orc priest.
The javelin closely misses the orc.
The orc priest hits you but does no damage.
The orc priest calls down the wrath of Beogh upon you.
Beogh smites you!
You die...

###
o(#
#Y#
#o#
#)#
#@#
#†#
#.#
#.####
#....#
####.#
#.#
###
#.#
#..
#.#
#.#


You could see a yak, an orc priest and an orc.

Vanquished Creatures
  Grinder (D:3)
  Sigmund (D:5)
  Menkaure (D:6)
  2 sky beasts (D:5)
  A black bear (D:6)
  3 phantoms
  An orc warrior (D:6)
  An ice beast (D:3)
  A centaur (D:5)
  4 bullfrogs
  2 howler monkeys
  A quasit (D:7)
  A jelly (D:5)
  A bullfrog skeleton (D:7)
  2 iguanas
  7 worker ants
  A hound skeleton (D:4)
  10 adders
  8 gnolls (D:2)
  A shadow imp (D:6)
  2 worms
  A dart slug (D:2)
  6 leopard geckos
  10 orcs
  A ball python (D:3)
  5 giant cockroaches
  10 goblins
  8 hobgoblins
  15 jackals
  4 quokkas
  A ball python zombie (D:6)
  12 bats
  6 frilled lizards
  2 jackal skeletons (D:5)
  4 kobolds
  A quokka skeleton (D:4)
  A quokka zombie (D:5)
  6 rats
145 creatures vanquished.

Vanquished Creatures (others)
  A hobgoblin (D:3)
1 creature vanquished.

Grand Total: 146 creatures vanquished

Notes
Turn   | Place    | Note
-------+----------+-------------------------------------------
     0 | D:1      | Delamore the Gargoyle Fighter began the quest for the Orb.
     0 | D:1      | Reached XP level 1. HP: 14/14 MP: 1/1
   330 | D:1      | Reached XP level 2. HP: 19/19 MP: 2/2
   910 | D:1      | Reached XP level 3. HP: 24/24 MP: 3/3
   953 | D:2      | Found a hide-covered altar of Uskayaw.
   954 | D:2      | Found a blossoming altar of Fedhas.
  1089 | D:2      | Reached skill level 4 in Fighting
  1112 | D:2      | Reached XP level 4. HP: 15/29 MP: 4/4
  1179 | D:2      | Noticed a phantom
  1301 | D:2      | Killed a phantom
  1301 | D:2      | Reached XP level 5. HP: 9/34 MP: 5/5
  1562 | D:2      | Reached skill level 5 in Fighting
  2105 | D:2      | Reached XP level 6. HP: 38/40 MP: 6/6
  2772 | D:3      | Noticed Grinder
  2793 | D:3      | Paralysed by Grinder for 7 turns
  2821 | D:3      | HP: 2/41 [Grinder/nerve-wracking pain (6)]
  2822 | D:3      | Paralysed by Grinder for 3 turns
  2836 | D:3      | Killed Grinder
  2836 | D:3      | Reached skill level 6 in Fighting
  2836 | D:3      | Reached skill level 5 in Maces & Flails
  2836 | D:3      | Reached XP level 7. HP: 35/47 MP: 7/7
  2979 | D:3      | Found a runed translucent gate.
  2980 | D:3      | Found a runed translucent gate.
  2981 | D:3      | Found a runed translucent gate.
  2981 | D:3      | Noticed sinusoid's ghost (amateur MiFi)
  3031 | D:3      | Found a shimmering blue altar of Sif Muna.
  3523 | D:4      | Reached skill level 7 in Fighting
  4072 | D:4      | Reached XP level 8. HP: 51/53 MP: 8/8
  4549 | D:5      | Entered Level 5 of the Dungeon
  4773 | D:5      | Reached skill level 8 in Fighting
  5049 | D:5      | Noticed Sigmund
  5060 | D:5      | Killed Sigmund
  5177 | D:6      | Found Zin's Purification Station.
  5179 | D:6      | Found a glowing silver altar of Zin.
  5285 | D:6      | Reached skill level 9 in Fighting
  5285 | D:6      | Reached XP level 9. HP: 56/60 MP: 9/9
  5448 | D:6      | Noticed Menkaure
  5457 | D:6      | Killed Menkaure
  6051 | D:7      | Killed from afar by an orc priest

Illustrated notes

Levels and vault maps discovered:
D:1:      dpeg_arrival_orchard, layout_loops_ring
D:2:      layout_loops_ring, chequers_temple_overflow_statue_of_worship
D:3:      layout_rooms, lemuel_round_altar, first_ration, serial_rivers,
          chequers_serial_rivers_micro_d, chequers_serial_rivers_large_a,
          chequers_serial_rivers_room_b, chequers_serial_rivers_micro_a,
          chequers_serial_rivers_small_a, chequers_serial_rivers_micro_c,
          gammafunk_ghost_nasty_kobolds, chequers_serial_rivers_micro_a,
          uniq_grinder
D:4:      layout_basic, minmay_pentomino_pile
D:5:      layout_rooms, uniq_sigmund
D:6:      layout_basic, zin_purify, uniq_menkaure
D:7:      layout_loops_ring, minmay_temple_entry_trees, grunt_livestock

Skill      XL: |  1  2  3  4  5  6  7  8 |
---------------+-------------------------+-----
Fighting       | 4 5 6 7 9 |  9.8
Shields        | 4 |  4.0
Maces & Flails | 3 4 5 6 8 |  8.7
Armour         | |  3.2

Action                   |  1- 3 |  4- 6 |  7- 9 || total
-------------------------+-------+-------+-------++-------
Melee: Flail             |   171 |   131 |   349 ||   651
Throw: Javelin           |       |    17 |    19 ||    36
       Dart              |       |       |     1 ||     1
       Throwing net      |       |       |     1 ||     1
Evoke: Wand              |       |       |     1 ||     1
  Use: Potion            |       |     2 |       ||     2
 Stab: Confused          |       |       |     1 ||     1
  Eat: Chunk             |     1 |     6 |     6 ||    13
       Ration            |       |       |     1 ||     1
Armor: Scale mail        |   142 |     5 |       ||   147
       Chain mail        |       |    71 |   235 ||   306
Dodge: Dodged            |   104 |    56 |    99 ||   259
Block: Kite shield       |    33 |       |       ||    33
       Buckler           |    42 |    19 |    66 ||   127
